 Dungeon Crawl Stone Soup version 0.31-a0-1308-ga3cce3a448 (webtiles) character file.

Game seed: 8150643799338661882

712 RabbitInGlasses the Chopper (level 7, -2/64 HPs)
             Began as a Minotaur Fighter on Dec 19, 2023.
             Slain by a gnoll sergeant
             ... wielding a +0 spear
              (8 damage)
             ... on level 5 of the Dungeon.
             The game lasted 00:09:47 (3646 turns).

RabbitInGlasses the Chopper (Minotaur Fighter)      Turns: 3646, Time: 00:09:48

Health: -2/64      AC:  8    Str: 23    XL:     7   Next: 41%
Magic:  6/6        EV:  9    Int:  5    God:
Gold:   82         SH:  4    Dex:  9    Spells: 6/6 levels left

rFire   + . .        a - +0 war axe
rCold   . . .        c - +0 buckler
rNeg    . . .        b - +0 scale mail
rPois   .            (helmet restricted)
rElec   .            (no cloak)
rCorr   +            i - +0 pair of gloves
SInv    .            (no boots)
Will    .....        (no amulet) Stlth
                     h - ring of protection from fire
HPRegen 0.30/turn    k - ring of resist corrosion
MPRegen 0.10/turn

%: no passive effects
@: no status effects
A: horns 2, retaliatory headbutt
a: no special abilities


You were on level 5 of the Dungeon.
You visited 1 branch of the dungeon, and saw 5 of its levels.

You collected 254 gold pieces.
You spent 172 gold pieces at shops.

Inventory:

Hand Weapons
 a - a +0 war axe (weapon)
Armour
 b - a +0 scale mail (worn)
 c - a +0 buckler (worn)
 i - a +0 pair of gloves (worn)
Jewellery
 h - a ring of protection from fire (left hand)
 k - a ring of resist corrosion (right hand)
 m - a ring of fire
 r - a +6 ring of dexterity
 s - an amulet of magic regeneration
Scrolls
 d - a scroll of silence {unknown}
 e - 2 scrolls of enchant weapon
 f - a scroll of identify
 j - 2 scrolls of noise
 l - a scroll of fear {unknown}
 n - 2 scrolls of poison
 w - a scroll of vulnerability {unknown}
 x - a scroll of brand weapon {unknown}
 y - a scroll of enchant armour
Potions
 g - 2 potions of enlightenment
 o - 2 potions of mutation {unknown}
 p - 3 potions of curing
 q - a potion of lignification {unknown}
 t - a potion of heal wounds {unknown}
 u - 2 potions of berserk rage {unknown}
 v - a potion of haste {unknown}


   Skills:
 + Level 6.6 Fighting
 + Level 6.9 Axes
 - Level 5.0 Armour
 - Level 5.0 Shields


You had 6 spell levels left.
You didn't know any spells.
Your spell library contained the following spells:

 Spells                   Type           Power      Damage    Failure   Level
 Inner Flame              Hex/Fire       0%         N/A       99%         3
 Ozocubu's Armour         Ice            0%         N/A       99%         3
 Anguish                  Hex/Necr       0%         N/A       100%        4
 Cause Fear               Hex            0%         N/A       100%        4
 Flame Wave               Conj/Fire      0%         2d4       100%        4
 Manifold Assault         Tloc           0%         N/A       100%        4
 Sticky Flame             Conj/Fire      0%         2d3       100%        4
 Metabolic Englaciation   Hex/Ice        0%         N/A       100%        5
 Dispersal                Tloc           0%         N/A       100%        6
 Simulacrum               Ice/Necr       0%         N/A       100%        6
 Enfeeble                 Hex            0%         N/A       100%        7
 Disjunction              Tloc           0%         N/A       100%        8


Dungeon Overview and Level Annotations

Branches:
Dungeon (5/15)
 Temple: D:4-7

Altars:
Gozag

Shops:
D:4 (   D:5 ?

Annotations:
D:4 3 runed translucent doors, SecretSquirrel's ghost, amateur TeAE


Innate Abilities, Weirdness & Mutations

You have a pair of horns on your head.
You reflexively headbutt those who attack you in melee.


Message History

There is an open door here.
You block the ice beast's attack.
The ice beast attacks as it pursues you!
The ice beast hits you but does no damage.
A gnoll sergeant opens the door.
You slash the ice beast! You headbutt the ice beast.
The ice beast is almost dead.
The ice beast completely misses you.
You hit the ice beast.
The ice beast is almost dead.
You block the ice beast's attack.
You hit the ice beast but do no damage. Your headbutt misses the ice beast.
The ice beast is almost dead.
The gnoll sergeant hits you from afar with a +0 spear.
The ice beast closely misses you.
The gnoll sergeant hits you from afar with a +0 spear.
You hit the ice beast.
You kill the ice beast!
The gnoll sergeant barely misses you.
You hit the gnoll but do no damage. You block the gnoll's attack.
The gnoll sergeant hits you from afar with a +0 spear.
You completely miss the gnoll. You headbutt the gnoll!
The gnoll is severely wounded.
The gnoll sergeant hits you from afar with a +0 spear.
You closely miss the gnoll. You headbutt the gnoll.
The gnoll is severely wounded.
The gnoll barely misses you.
The gnoll sergeant hits you from afar with a +0 spear!
* * * LOW HITPOINT WARNING * * *
You slash the gnoll!
You kill the gnoll!
You block the gnoll sergeant's attack. The gnoll hits you but does no damage.
You hit the gnoll.
You headbutt the gnoll, but do no damage.
The gnoll is moderately wounded.
The gnoll sergeant hits you from afar with a +0 spear!
* * * LOW HITPOINT WARNING * * *
You block the gnoll's attack.
The gnoll sergeant hits you from afar with a +0 spear!
You die...

#.. +....+..........#....
#.. #....#..........#....
#..#.......##..##.##...†
####.......###..####.....
#....#...#.......g.#.....
#.....#.#..........'.....
#......∩.gg'##.>.###.....
###+..#.#g..##...#......#
#....#..@#...#...#......# ♣
.............#...#.....gg
♣♣.....#....#..##...#......#
~..#. #.†.)#..####+#......#
♣♣.####....#.... #......#
♣P.........#..... #......#
♣~#....#####+###.. #......#
#....# .. #......# #....#
#......#


You could see a gnoll sergeant and 2 gnolls.

Vanquished Creatures
  An ice beast (D:5)
  An ogre (D:4)
  A scorpion (D:4)
  A howler monkey (D:5)
  3 hounds
  A sleepcap (D:4)
  3 iguanas
  An orc wizard (D:3)
  Robin (D:2)
  5 gnolls
  5 adders
  2 ufetubi (D:5)
  A worm (D:3)
  2 dart slugs
  9 orcs (D:3)
  4 endoplasms
  2 giant cockroaches
  15 goblins
  10 hobgoblins
  3 jackals (D:2)
  6 quokkas
  4 ball pythons
  6 bats
  A frilled lizard (D:1)
  4 kobolds
  6 rats
98 creatures vanquished.

Notes
Turn   | Place    | Note
-------+----------+-------------------------------------------
     0 | D:1      | RabbitInGlasses the Minotaur Fighter began the quest for
                  | the Orb.
     0 | D:1      | Reached XP level 1. HP: 19/19 MP: 0/0
   327 | D:1      | Reached XP level 2. HP: 27/27 MP: 1/1
   754 | D:2      | Reached XP level 3. HP: 33/33 MP: 2/2
   841 | D:2      | Reached XP level 4. HP: 40/40 MP: 3/3
   862 | D:2      | Noticed Robin
   916 | D:2      | Killed Robin
  1591 | D:3      | Reached XP level 5. HP: 45/47 MP: 4/4
  2303 | D:4      | Reached skill level 5 in Fighting
  2303 | D:4      | Reached skill level 5 in Armour
  2303 | D:4      | Reached skill level 5 in Shields
  2478 | D:4      | Reached skill level 5 in Axes
  2478 | D:4      | Reached XP level 6. HP: 50/56 MP: 5/5
  3016 | D:4      | Found Eqica's Antique Weapon Emporium.
  3176 | D:4      | Reached XP level 7. HP: 62/62 MP: 6/6
  3188 | D:4      | Found a runed translucent gate.
  3189 | D:4      | Found a runed translucent gate.
  3189 | D:4      | Found a runed translucent gate.
  3189 | D:4      | Found an opulent altar of Gozag.
  3190 | D:4      | Noticed SecretSquirrel's ghost (amateur TeAE)
  3419 | D:5      | Entered Level 5 of the Dungeon
  3513 | D:5      | Found Jogg's Magic Scroll Shoppe.
  3536 | D:5      | Bought a scroll of enchant armour for 112 gold pieces
  3536 | D:5      | Bought 2 scrolls of identify for 60 gold pieces
  3646 | D:5      | Slain by a gnoll sergeant

Illustrated notes

Levels and vault maps discovered:
D:1:      enne_arrival_octagon_isle, layout_loops_ring
D:2:      layout_basic, uniq_robin
D:3:      layout_basic, grunt_ministairs_13
D:4:      layout_basic, serial_shops, shop, ebering_ghost_gozag
D:5:      layout_gridville, serial_shops, nicolae_shop_advertising_works
          [nicolae_subvault_shop_adworks], serial_bayou, serial_bayou_lagoon_b,
          serial_bayou_pond_e, serial_bayou_shore_b, serial_bayou_pond_e

Skill      XL: |  1  2  3  4  5  6  7 |
---------------+----------------------+-----
Fighting       | 4 5 6 |  6.6
Armour         | 4 5 |  5.0
Shields        | 4 5 |  5.0
Axes           | 3 5 6 |  6.9

Action                     |  1- 3 |  4- 6 |  7- 9 || total
---------------------------+-------+-------+-------++-------
  Melee: War axe           |    57 |   163 |    44 ||   264
         Headbutt          |     9 |    27 |     7 ||    43
    Use: Potion            |       |     2 |       ||     2
         Scroll            |       |       |     4 ||     4
 Armour: Scale mail        |    36 |   104 |    36 ||   176
  Dodge: Dodged            |    20 |    69 |    15 ||   104
  Block: Buckler           |    12 |    31 |    16 ||    59

Table legend: (Time is in decaauts)
 A = Elapsed time spent in this place.
 B = Non-inter-level travel time spent in this place.
 C = Inter-level travel time spent in this place.
 D = Time resting spent in this place.
 E = Time spent auto-exploring this place.
 F = Levels seen in this place.
 G = Mean time per level.
                   A        B        C        D        E       F      G
               +--------+--------+--------+--------+--------+-----+--------+
         Total |   3725 |   3636 |     89 |    223 |   2521 |   5 |  745.0 |
       Dungeon |   3725 |   3636 |     89 |    223 |   2521 |   5 |  745.0 |
               +--------+--------+--------+--------+--------+-----+--------+

Top non-repeatable levels by time:
     D:4: 1246 daAuts
     D:2: 836 daAuts
     D:3: 773 daAuts
     D:1: 634 daAuts
     D:5: 234 daAuts
